[Event "US Masters 2022"]
[Site "Charlotte"]
[Date "2022.11.24"]
[Round "2.17"]
[White "Castro Torres, Jose Luis"]
[Black "Druska, Juraj"]
[Result "1/2-1/2"]
[ECO "D41"]
[WhiteElo "2342"]
[BlackElo "2511"]
[Annotator "TA"]
[PlyCount "101"]
[EventDate "2022.11.23"]
[EventType "swiss"]
[EventCountry "USA"]
[SourceTitle "playchess.com"]
[Source "ChessBase"]
[SourceQuality "1"]
[TimeControl "5400+30"]

1. d4 Nf6 2. c4 e6 3. Nf3 d5 4. Nc3 c5 5. cxd5 Nxd5 6. e4 Nxc3 7. bxc3 cxd4 8. cxd4 Bb4+ 9. Bd2 Bxd2+ 10. Qxd2 O-O 11. Bc4 Nd7 12. O-O b6 13. Rfe1 Bb7 14. Rad1 Rc8 {[%emt 0:00:05] D41: Queen's Gambit Declined: Semi-Tarrasch with 5 cxd5.} 15. Bb3 Re8 16. d5 exd5 17. exd5 Qf6 18. Ng5 h6 {[%emt 0:25:04] Inhibits d6.} 19. Ne4 Qg6 {[%emt 0:00:24] [#]} 20. f3 $146 ({Predecessor:} 20. Qf4 Re5 21. Ba4 Bxd5 22. Bxd7 Rxe4 23. Rxe4 Bxe4 24. f3 Rc2 25. g4 Bd3 26. Rxd3 Qxd3 {1-0 (32) Molenda,M (2363)-Pulpan,J (2410) Bohumin 2020}) 20... Rcd8 21. Qf4 {[%emt 0:03:11] Threatens to win with Qc7.} (21. Qc3 $5 ) 21... Re5 22. Ba4 {[%emt 0:08:37] White is more active.} (22. Qc1 $14 b5 23. d6 Bxe4 24. Rxe4 (24. Qc7 Bxf3 25. Qxd8+ Kh7 $15)) 22... b5 $1 $11 (22... Bxd5 $2 23. Bxd7 f6 {[#]} 24. Bc6 $1 $18 ) (22... Rxd5 $2 23. Rxd5 Bxd5 24. Qc7 $18) 23. Bb3 a5 24. a3 Rde8 {[%emt 0:07:22] [#] aiming for ...f5.} 25. d6 {[%emt 0:03:06] Prevents ?nota?.} Kf8 26. Rf1 f6 27. Ng3 Qg5 (27... a4 $5 28. Ba2 $8 Qc2 $11) 28. Qd4 Qe3+ 29. Qxe3 Rxe3 30. Bd5 Rb8 31. Bxb7 {[%emt 0:01:52] The position is equal.} Rxb7 32. Rc1 Rd3 33. Ne4 f5 ({Don't do} 33... Rxa3 34. Rc7 Rxc7 35. dxc7 $16) 34. Nc5 Nxc5 35. Rxc5 Rxd6 {[%emt 0:03:08][%mdl 4096] Endgame KRR-KRR} 36. a4 bxa4 {[%emt 0:01:13] Hoping for ...Rb2.} 37. Rxf5+ Kg8 {[%emt 0:00:16] And now ...Rd2 would win.} 38. Rxa5 Rb4 39. g4 Rd3 40. Kg2 a3 41. Kg3 Rb2 42. h4 a2 {[%emt 0:01:34] Strongly threatening ...Rb1.} 43. Rf2 Rdd2 44. Rxd2 Rxd2 {[%emt 0:00:01] KR-KR} 45. h5 Kf7 46. Ra6 Rb2 47. Kf4 Ke7 48. Kf5 Rb5+ 49. Kf4 Rb4+ 50. Kf5 Rb5+ 51. Ke4 {[%emt 0:02:27] Weighted Error Value: White=0.05 (flawless) /Black=0.05 (flawless)} 1/2-1/2

[Event "US Masters 2022"]
[Site "Charlotte"]
[Date "2022.11.24"]
[Round "2.18"]
[White "Oberoi, Shelev"]
[Black "Escobar Forero, Alder"]
[Result "1-0"]
[ECO "B07"]
[WhiteElo "2328"]
[BlackElo "2510"]
[Annotator "TA"]
[PlyCount "89"]
[EventDate "2022.11.23"]
[EventType "swiss"]
[EventCountry "USA"]
[SourceTitle "playchess.com"]
[Source "ChessBase"]
[SourceQuality "1"]
[TimeControl "5400+30"]

1. e4 d6 2. d4 Nf6 3. Nc3 e5 4. Nge2 Be7 5. g3 O-O 6. Bg2 Nbd7 7. O-O c6 8. a4 a5 {[%emt 0:02:00] B07: Pirc Defence: Miscellaneous Systems.} 9. h3 exd4 10. Nxd4 Nc5 {[%emt 0:00:18] White is slightly better.} 11. g4 d5 12. exd5 {[%emt 0:03:36] [#]} cxd5 $146 ({Predecessor:} 12... Nxd5 13. Nxd5 cxd5 14. Nb5 Be6 15. Be3 Qd7 16. b3 Rac8 17. f4 f5 18. gxf5 Bxf5 19. Qxd5+ Qxd5 20. Bxd5+ {½-½ (52) Wappler,M (2189)-Kunze,C (2296) Germany 2016}) 13. Ndb5 Be6 14. f4 Nce4 15. Be3 Re8 16. f5 Bc8 (16... Nxc3 $11 {keeps the balance.} 17. Nxc3 Bd7) 17. g5 (17. Bxe4 $1 $16 Nxe4 18. Nxd5 (18. Qxd5 Nxc3 19. Nxc3 Bd7 $11)) 17... Nxc3 $11 18. Nxc3 (18. bxc3 {simplifies} Ne4 19. Bxe4 dxe4 20. Qxd8 Bxd8 21. Rad1) 18... Bd6 19. Qd3 (19. Nxd5 $2 Nxd5 20. Qxd5 Rxe3 $19) 19... b6 20. Nb5 $16 (20. gxf6 Rxe3 21. Qxd5 (21. Qxe3 Bc5 $15) 21... Ra7 $11) 20... Ba6 {[%emt 0:03:20] Strongly threatening ...Bxb5.} 21. Rae1 (21. gxf6 Bxb5 22. Qxb5 (22. axb5 Rxe3 23. Qxd5 Bc5 $17) 22... Rxe3 23. Qxd5 (23. fxg7 $2 Bc5 $19) 23... Bc5 $1 24. Qxd8+ (24. Qxa8 Re4+ 25. Kh1 Qxa8 $15) 24... Rxd8 $15) (21. Rfe1 $1 $14 Ne4 22. Rad1 (22. Qxd5 $2 Bh2+ 23. Kxh2 Qxd5 $19) (22. Bxe4 Rxe4 23. Rad1 Rc8 $17)) 21... Bxb5 (21... Ne4 {with more complications.} 22. g6 Ra7 23. c4 Bxb5 24. axb5 Qb8) 22. axb5 Ne4 23. g6 {[%emt 0:02:50] Hoping for gxf7+.} (23. Qxd5 $2 Bh2+ $1 24. Kxh2 Qxd5 $19) 23... Ra7 24. c4 (24. Qxd5 $2 Bh2+ $1 25. Kxh2 Qxd5 $19) (24. Rd1 $5 Qb8 25. Bxe4 (25. Qxd5 $2 Bh2+ 26. Kh1 Ng3+ 27. Kxh2 Nxf1+ 28. Kg1 Nxe3 $19) 25... Rxe4 26. Rf3 $11 (26. Qxd5 Bh2+ 27. Kh1 Rxe3 $11)) 24... dxc4 (24... Qb8 $1 $11 25. Bxe4 (25. cxd5 $2 Bh2+ 26. Kh1 Ng3+ 27. Kxh2 Nxf1+ 28. Kg1 Nxe3 $19) 25... dxe4) 25. Qxc4 Nf6 26. Bd4 {[%emt 0:03:40] A strong pair of Bishops.} Rf8 {[%emt 0:01:56] [#]} 27. Rd1 $1 {[%emt 0:02:41] White has more active pieces. The black rooks are badly placed.} Qb8 (27... Kh8 $16 {was worth a try.} 28. Qc6 Rd7) 28. Bxf6 gxf6 29. Qh4 $2 ({Better is} 29. Bd5 $18 {Qh4 is the strong threat.} Kh8 30. gxf7) 29... fxg6 $11 30. fxg6 Bc5+ (30... Bg3 $14 31. Qg4 hxg6) 31. Kh1 $16 Qe5 (31... f5 $16) 32. Bd5+ $18 Kh8 33. Bf7 Raxf7 34. gxf7 $40 {[%emt 0:00:10][%mdl 128] White wants a kill. The board is on fire.} Rxf7 35. Rfe1 Qg5 36. Qe4 h5 $2 (36... Qg3 {is a better defense.} 37. Rd3 Qg6 38. Rd8+ Kg7) 37. Rd5 f5 38. Qe8+ ({Not} 38. Qe6 Rg7 39. Qe2 (39. Qxf5 $2 Qg2#) (39. Qc8+ $2 Rg8 $19) 39... Qh4 40. Qe8+ (40. Rxf5 Qxh3+ 41. Qh2 Qxf5 42. Re8+ Kh7) 40... Kh7 $11) 38... Rf8 39. Qe6 (39. Qe5+ $142 Qf6 40. Rd7) 39... Rg8 {[%emt 0:00:34][%csl Gg8][%cal Rg5g2] [#]} 40. Qe5+ $2 (40. Qxf5 $2 Qg2#) ({White has to play} 40. Qe2 $1 $18) 40... Rg7 $1 $11 41. Qe2 {[%emt 0:01:01] Against Qg2+. Black must now prevent Qf1.} Kh7 $2 (41... Qh4 $11 42. Qe8+ (42. Rxf5 {is a self mate.} Qxh3+ 43. Qh2 Qxf5 44. Re8+ Kh7) 42... Kh7) 42. Qf3 $18 Rf7 43. Rf1 Kg6 $2 {[%emt 0:00:15] [#]} (43... Qe3 44. Qxh5+ Kg7 45. Rdxf5 Qe4+ 46. Qf3 (46. Kh2 Bd6+ 47. Kg1 Bc5+ 48. Rxc5 Qd4+ 49. Kg2 Qxb2+ 50. Kg3 Qa3+ 51. Kh2 Qb2+ 52. Kg3 Qa3+ 53. Kh4 Qb4+ 54. Kg3 Qa3+ $11) 46... Re7) 44. Rxc5 $1 bxc5 45. Rg1 {[%emt 0:00:01] Weighted Error Value: White=0.43/Black=0.45} 1-0

[Event "US Masters 2022"]
[Site "Charlotte"]
[Date "2022.11.24"]
[Round "2.19"]
[White "Balakrishnan, Praveen"]
[Black "Gedajlovic, Max"]
[Result "1-0"]
[ECO "C45"]
[WhiteElo "2510"]
[BlackElo "2317"]
[Annotator "TA"]
[PlyCount "87"]
[EventDate "2022.11.23"]
[EventType "swiss"]
[EventCountry "USA"]
[SourceTitle "playchess.com"]
[Source "ChessBase"]
[SourceQuality "1"]
[TimeControl "5400+30"]

1. e4 e5 2. Nf3 Nc6 3. d4 exd4 4. Nxd4 Nf6 5. Nxc6 bxc6 6. e5 Qe7 7. Qe2 Nd5 8. Nd2 (8. c4 $5 Ba6 9. Nd2 $11) 8... f6 {[%emt 0:17:21] C45: Scotch Game.} (8... Rb8 $15) 9. Nf3 fxe5 10. Bg5 {[%emt 0:06:54] Against e4} Qe6 {[%emt 0:03:06] [#] The position is equal.} 11. Qxe5 $146 (11. Nxe5 Bb4+ 12. Kd1 (12. c3 $2 Nxc3 13. bxc3 Bxc3+ 14. Bd2 Bxa1 $19) 12... O-O $17) ({Predecessor:} 11. Qe4 Bc5 12. Bc4 Nf6 13. Qxe5 Bxf2+ 14. Kxf2 Ng4+ 15. Kg3 Nxe5 16. Bxe6 Nxf3 17. Bxd7+ Bxd7 18. gxf3 {1-0 (41) Rodriguez Boado,M (2170)-Alonso Martinez,T (2135) Mondariz 2012}) 11... Bb4+ 12. Bd2 Qxe5+ 13. Nxe5 O-O 14. Bxb4 Nxb4 15. Bc4+ Kh8 16. O-O-O d5 {[%emt 0:05:42] Inhibits f3.} (16... g6 $1 $14) 17. a3 $1 $16 {[%emt 0:21:51] Threatens to win with Bb3.} (17. c3 $6 dxc4 18. cxb4 a5 $11) 17... dxc4 18. axb4 a5 19. bxa5 {[%emt 0:01:59] White is more active.} (19. Nxc4 $6 axb4 20. f3 Ra6 $11) 19... Rxa5 20. Nxc4 Ra1+ 21. Kd2 Rxf2+ 22. Ke3 {[%emt 0:03:18] Threatening mate with Rd8+.} Rxd1 23. Rxd1 {[%emt 0:00:07][%mdl 4096] Endgame Intending Rd8+ and mate. KRB-KRN} Rf8 {[%emt 0:00:04] Inhibits Rd8.} 24. Na5 Re8+ 25. Kf2 Bf5 26. c4 h5 27. Nxc6 Be4 {[%emt 0:00:53] Against Rd5} 28. Nd4 Rf8+ (28... c5 $142) 29. Kg1 $1 Rb8 30. Ne6 $1 ({Don't do} 30. Re1 c5 $16) 30... Kg8 (30... Rxb2 $2 31. Rd8+ (31. Nxc7 Rxg2+ 32. Kf1 Rxh2 $17) 31... Kh7 32. Ng5+ (32. Nxc7 $2 Rxg2+ 33. Kf1 Rxh2 $17) 32... Kg6 33. Nxe4 $18) (30... Bc2 $142 31. Rd5 Rxb2) 31. Rd8+ $1 $18 ({Weaker is} 31. Nxc7 Rxb2 32. Rd8+ Kf7 $11) 31... Rxd8 32. Nxd8 {[%emt 0:00:00] KB-KN} Bd3 33. c5 Bc4 (33... Bf5 $142 34. b4 Kf8) 34. Nc6 Kf8 35. Ne5 Bd5 (35... Bb5 $16) 36. Ng6+ Ke8 37. h4 (37. b4 $18) 37... Kd7 $2 {[%emt 0:00:50] [#] A mistake that costs the game.} (37... Bf7 $16 {was necessary.} 38. Ne5 Bd5) 38. b4 $1 {[%emt 0:00:48] Hoping for b5.} Be4 $2 {[%emt 0:02:01] Prevents b5.} (38... c6 {is a better chance.} 39. Kf2 Ke8) 39. Nf4 Kc6 40. Nxh5 g6 41. Nf6 Bc2 42. Kf2 {[%emt 0:00:14] White mates.} Kb5 {[%emt 0:00:00] [#]} 43. Ke3 $1 Kxb4 44. Kd4 {[%emt 0:00:05] Weighted Error Value: White=0.08 (flawless) /Black=0.51} 1-0

[Event "US Masters 2022"]
[Site "Charlotte"]
[Date "2022.11.24"]
[Round "2.20"]
[White "Gauri, Shankar"]
[Black "Brodsky, David"]
[Result "1/2-1/2"]
[ECO "A05"]
[WhiteElo "2322"]
[BlackElo "2509"]
[Annotator "TA"]
[PlyCount "89"]
[EventDate "2022.11.23"]
[EventType "swiss"]
[EventCountry "USA"]
[SourceTitle "playchess.com"]
[Source "ChessBase"]
[SourceQuality "1"]
[TimeControl "5400+30"]

1. Nf3 Nf6 2. g3 b5 3. Bg2 Bb7 4. O-O e6 5. d3 Be7 6. e4 O-O 7. Re1 d6 {[%emt 0:02:39] A05: Réti Opening: 1 Nf3 Nf6.} 8. Nbd2 c5 9. a4 b4 10. a5 e5 11. Nc4 Nc6 12. a6 Bc8 {[%emt 0:00:08] [#]} 13. c3 $146 ({Predecessor:} 13. Nh4 g6 14. Nf3 Be6 15. Ng5 Bg4 16. f3 Bd7 17. Nh3 Re8 18. f4 Bg4 19. Qd2 {0-1 (61) Glauser,P (2165)-Kratochvil,J (2114) ICCF email 2011}) 13... bxc3 14. bxc3 Nb8 {[%emt 0:00:07] [#]} (14... Be6 $11 {keeps the balance.}) 15. d4 $1 $16 {[%emt 0:13:15] White is more active.} cxd4 (15... Bxa6 $16 16. dxe5 Bxc4) 16. cxd4 $18 Bxa6 17. Na5 (17. Ne3 $18 {and White stays clearly on top.}) 17... Qb6 $16 18. d5 (18. Be3 $14 Qb5 19. Bd2) 18... Ng4 $11 19. Qc2 (19. Be3 {simplifies} Qc7 20. Nd2 Nxe3 21. Rxe3 Bg5 22. Rea3) 19... Rc8 20. Qa2 Bd3 {[%emt 0:01:29] Prevents Rb1.} (20... Rc5 {simplifies} 21. Be3 Nxe3 22. Rxe3 Bb5) 21. Be3 Nxe3 22. Rxe3 Bb5 $36 {[%emt 0:01:58][%mdl 2048] Black has the initiative.} 23. Rb3 a6 24. Bf1 Bd8 25. Qb2 Rc5 {[%emt 0:09:56] Against Nc4} 26. Nd2 Qc7 27. Nac4 Bg5 {[%emt 0:03:44] This pair of bishops is nice.} 28. Ne3 (28. Nb6 $11 {remains equal.} Qxb6 29. Bxb5 (29. Nf3 Bc1 $17)) 28... Bxe3 $17 29. Rxe3 Rc2 (29... Bxf1 {simplifies} 30. Nxf1 Nd7 31. Rb3 a5) 30. Qb4 (30. Qb1 $142) 30... Bxf1 31. Nxf1 Nd7 32. Rea3 {[%emt 0:00:52] Prevents a5.} Rb8 33. Qa4 Rbb2 (33... Rcb2 $17 {Hoping for ...Nc5.} 34. Qc6 Qd8) 34. Rf3 $15 Nf6 (34... g6 $15) 35. Ne3 $11 {[%emt 0:01:10] Black must now prevent Rxf6. The position is equal.} Rc1+ 36. Rxc1 Qxc1+ 37. Kg2 $1 {[%emt 0:00:04][%cal Of3f6] Rxf6! is the strong threat.} h5 (37... Rb1 $2 {[#]} 38. Rxf6 $1 Rb8 39. Rxd6 $18) 38. Rxf6 Qxe3 {[%emt 0:01:09][%mdl 4096] Endgame KQR-KQR} (38... gxf6 39. Qe8+ Kh7 40. Qxf7+ Kh8 41. Qxh5+ Kg8 42. Qe8+ Kh7 43. Qf7+ Kh8 44. Qxf6+ Kg8 45. Qd8+ Kh7 46. Qe7+ Kg8 47. Ng4 $18) 39. Rf5 Qe2 40. Qe8+ $1 Kh7 {[%emt 0:00:01] aiming for ...Rb1.} 41. Qxf7 Qxe4+ 42. Kh3 Qg4+ 43. Kg2 Qe4+ 44. Kh3 $1 Qg4+ 45. Kg2 {[%emt 0:00:02] Weighted Error Value: White=0.15 (very precise) /Black=0.13 (very precise)} 1/2-1/2

[Event "US Masters 2022"]
[Site "Charlotte"]
[Date "2022.11.24"]
[Round "2.21"]
[White "Budisavljevic, Luka"]
[Black "Antova, Gabriela"]
[Result "1-0"]
[ECO "D27"]
[WhiteElo "2505"]
[BlackElo "2302"]
[Annotator "TA"]
[PlyCount "93"]
[EventDate "2022.11.23"]
[EventType "swiss"]
[EventCountry "USA"]
[SourceTitle "playchess.com"]
[Source "ChessBase"]
[SourceQuality "1"]
[TimeControl "5400+30"]

1. Nf3 d5 2. c4 dxc4 3. e3 Nf6 4. Bxc4 e6 5. O-O c5 6. b3 a6 7. Bb2 b5 8. Be2 Bb7 9. a4 b4 10. d4 Nbd7 11. Nbd2 Be7 12. Rc1 {[%emt 0:03:32] D27: Queen's Gambit Accepted: Classical main line: 7 e4!? and 7 a4.} Rc8 13. Nc4 O-O 14. Rc2 {[%emt 0:01:31] [#] The position is equal.} cxd4 $146 ({Predecessor:} 14... Qc7 15. dxc5 Be4 16. Rd2 Nxc5 17. Be5 Qb7 18. Nd6 Bxd6 19. Bxd6 Rfe8 20. Rd4 Bd5 21. Bc4 {0-1 (31) Gabriel,C (2535)-Adianto,U (2585) Newark 1995}) 15. Nxd4 Nc5 16. Bf3 Nfe4 17. a5 Bf6 18. Nb6 Rb8 (18... Rc7 $1 $11) 19. Rc4 $16 e5 20. Bxe4 $1 Nxe4 21. Nf3 {[%emt 0:04:39] Pair of Knights!} (21. Nc6 $16 Qxd1 22. Rxd1 Bxc6 23. Rxc6) 21... Nd6 22. Rxb4 ({Stronger than} 22. Bxe5 Nxc4 23. Nxc4 Qxd1 24. Rxd1 Bxf3 25. gxf3 Bxe5 26. Nxe5 Rfd8 $17) 22... Qe7 (22... Re8 $1 $14) 23. Nd5 {[%emt 0:03:06] White is more active.} Bxd5 24. Rxb8 Rxb8 25. Qxd5 Qe6 26. Rd1 Qxd5 27. Rxd5 Ne4 (27... Rxb3 $16 28. Rxd6 Rxb2) 28. Bxe5 $18 ({Resist} 28. Nxe5 Rxb3 29. Nc4 h6 $11) 28... Rxb3 {[%emt 0:00:06] ( -> ...Rb1+)} 29. g3 (29. g4 $1 $18) 29... h6 30. Rd4 Bxe5 31. Nxe5 $16 {[%emt 0:00:12][%mdl 4096] Endgame KRN-KRN} f5 32. h4 (32. g4 $1 $18 Rb5 33. Nc6) 32... Rb5 $14 33. Nc4 h5 34. Kg2 {[%emt 0:01:29] White wants to play f3.} Rb4 (34... Rc5 $1 $11) 35. Rd8+ $16 Kh7 {[%emt 0:00:09] [#]} 36. Nd6 {[%emt 0:02:17] Strongly threatening Nxe4.} Nf6 (36... Ra4 $16) 37. Nxf5 Rb5 38. Nd6 Rxa5 39. e4 Ra2 {[%emt 0:00:10] [#]} 40. Rf8 ({White must play} 40. e5 $1 $18 Ng4 41. Ne4 Nxe5 42. Rd5) 40... Rd2 $2 {[%emt 0:01:25] This costs Black the game.} (40... Ng4 $14) 41. e5 $18 Ng4 (41... Kg6 {keeps fighting.} 42. Ra8 Ng4) 42. Ne4 {[%emt 0:00:06] And now e6 would win.} Rd5 $2 (42... Rd7 43. e6 Re7 44. Ng5+ Kh6) 43. Ng5+ Kg6 44. f4 {[%emt 0:00:35] White wants to mate with f5+.} Ne3+ 45. Kf2 Nf5 46. g4 Nxh4 47. Kg3 {[%emt 0:00:01] Weighted Error Value: White=0.24 (precise) /Black=0.49} 1-0

[Event "US Masters 2022"]
[Site "Charlotte"]
[Date "2022.11.24"]
[Round "2.22"]
[White "Beradze, Irakli"]
[Black "Wu, Rochelle"]
[Result "1-0"]
[ECO "A13"]
[WhiteElo "2494"]
[BlackElo "2298"]
[Annotator "TA"]
[PlyCount "91"]
[EventDate "2022.11.23"]
[EventType "swiss"]
[EventCountry "USA"]
[SourceTitle "playchess.com"]
[Source "ChessBase"]
[SourceQuality "1"]
[TimeControl "5400+30"]

1. Nf3 Nf6 2. g3 d5 3. Bg2 c6 4. c4 e6 5. b3 Bd6 6. Bb2 Nbd7 7. O-O O-O 8. d3 Re8 9. Nc3 {[%emt 0:03:58] A13: English Opening: 1...e6.} Qe7 10. Rc1 {[%emt 0:01:12] [#]} a5 $146 ({Predecessor:} 10... Ba3 11. Qc2 Bxb2 12. Qxb2 dxc4 13. bxc4 e5 14. Nd2 Nc5 15. Rb1 Bf5 16. Qb4 Rad8 {1-0 (45) Kopacz,G (2294)-Jurcisin,I (2127) Presov 2002}) 11. cxd5 {[%emt 0:08:16] White is slightly better.} exd5 12. e4 dxe4 13. dxe4 Ba3 14. Bxa3 Qxa3 15. Re1 Qf8 16. h3 Nc5 17. e5 (17. Qc2 {simplifies} Rd8 18. Rcd1 Rxd1 19. Rxd1 Ne8 20. e5) 17... Rd8 18. Qc2 Ne8 19. Rcd1 {[%emt 0:05:31] Inhibits g6.} (19. Red1 {simplifies} Qe7 20. Rxd8 Qxd8 21. Ne2) 19... Be6 20. Ng5 g6 21. Nce4 $36 {[%emt 0:06:11][%mdl 2048] White has good play.} Nxe4 22. Nxe6 fxe6 23. Bxe4 Nc7 24. h4 Qh6 {[%emt 0:02:00] Against h5} (24... Qg7 $14) 25. Rd6 ({White should play} 25. Qc5 $16 {Black must now prevent Qe7.} Qf8 26. Qb6 Rxd1 27. Rxd1) 25... Nb5 $14 26. Rdd1 ({Of course not} 26. Rxe6 Nd4 27. Qc4 Nxe6 28. Qxe6+ Kh8 $11) (26. Rd3 $14) 26... Qh5 {[%emt 0:00:11] [#]} (26... Nc7 $1 $11 {keeps the balance.}) 27. Bg2 (27. Kg2 $1 $16) 27... Qg4 28. Kh2 $1 Qf5 29. Qc5 Qf7 30. Kg1 ({Better is} 30. Rxd8+ Rxd8 31. a4) 30... Rd7 $16 {[%emt 0:04:55] [#]} 31. a4 $1 Nc7 32. Rxd7 Qxd7 33. Re4 {[%emt 0:00:23] White is much more active.} (33. Qb6 $16) 33... Qd1+ $11 34. Kh2 Rf8 35. f4 Rd8 36. Kh3 Rd7 37. Qxa5 h5 38. Qe1 {[%emt 0:00:10] Strongly threatening Qxd1.} Qc2 39. Rc4 Qb2 (39... Qxb3 $2 40. Rb4 Qd1 41. Qxd1 Rxd1 42. Rxb7 $18) 40. Qc3 Qe2 41. Qc2 {[%emt 0:00:30] Against Rd3} (41. Re4 $16 Qg4+ 42. Kh2) 41... Qg4+ {[%emt 0:00:04] Black cannot hold the game after this.} (41... Rd2 $1 $11 {and Black stays safe.} 42. Qxg6+ Kf8) 42. Kh2 $18 Nd5 $2 (42... Kh7 43. b4 Qf5) 43. Bh3 {[%emt 0:00:22][%cal Bg2h3,Bh3e6,Be6d7][%mdl 32] White is clearly winning.} Qf3 44. Bxe6+ Kg7 45. Bxd7 Ne3 46. Rc3 {[%emt 0:00:06] Weighted Error Value: White=0.15 (very precise) /Black=0.27 (precise)} 1-0

[Event "US Masters 2022"]
[Site "Charlotte"]
[Date "2022.11.24"]
[Round "2.24"]
[White "Canty, James"]
[Black "Smith, Bryan"]
[Result "1/2-1/2"]
[ECO "B66"]
[WhiteElo "2158"]
[BlackElo "2412"]
[Annotator "TA"]
[PlyCount "99"]
[EventDate "2022.11.23"]
[EventType "swiss"]
[EventCountry "USA"]
[SourceTitle "playchess.com"]
[Source "ChessBase"]
[SourceQuality "1"]
[TimeControl "5400+30"]

1. e4 c5 2. Nf3 d6 3. d4 cxd4 4. Nxd4 Nf6 5. Nc3 Nc6 6. Bg5 e6 7. Qd2 Be7 8. O-O-O a6 $1 {[%emt 0:00:11][%mdl 4] is currently scoring better than 8...0-0.} 9. f3 Nxd4 10. Qxd4 b5 {[%emt 0:01:29] B66: Sicilian: Richter-Rauzer: 7...a6 8 0-0-0 h6.} 11. g4 h6 12. Be3 e5 {[%emt 0:02:29] Prevents h4.} (12... Bb7 $11) 13. Qd2 $14 b4 {[%emt 0:06:03] Inhibits h4.} 14. Nd5 Nxd5 {[%emt 0:00:14] [#]} 15. exd5 $146 ({Predecessor:} 15. Qxd5 Be6 16. Qc6+ Bd7 17. Qc4 a5 18. Kb1 Rc8 19. Qd5 Bc6 20. Bb5 Qd7 21. Bxc6 Rxc6 {0-1 (43) Gaviria,A (2077)-Salcedo,P (1869) Ibague 2013}) 15... a5 16. Kb1 Bd7 {[%emt 0:16:37] Against h4} 17. Rg1 Bg5 18. Re1 {[%emt 0:07:18] [#]} (18. Bd3 $11) 18... O-O (18... Qb6 $1 $15) 19. Bd3 $11 Qf6 20. h4 ({White should play} 20. Bxg5 $11 hxg5 21. Qf2) 20... Bxh4 $15 21. g5 hxg5 (21... Qxf3 $2 22. Ref1 Qh3 23. gxh6 $18) 22. Bxg5 Bxg5 (22... Qxf3 $2 23. Bxh4 Bg4 24. Ref1 $18) (22... Bxe1 23. Bxf6) 23. Rxg5 {[%emt 0:00:09][%cal Od3h7] Threatens to win with Bh7+!} g6 (23... Qxf3 24. Rxg7+ $3 (24. Qh2 Qh3 $16) 24... Kxg7 25. Qg5+ Kh8 26. Qh6+ Kg8 27. Qh7#) 24. Rh1 Kg7 (24... Qxf3 $2 25. Qh2 Kg7 26. Rg3 $18) 25. Rxe5 {[%emt 0:03:58][%mdl 64] White wants to mate with Qh6+.} Rh8 {[%emt 0:04:22] Inhibits Qh6+.} (25... Qxe5 26. Qh6+ Kf6 27. f4 Qxd5 28. Qh4+ Kg7 29. Qh6+ Kf6 30. Qh4+ Kg7 31. Qh6+ Kf6 $11) 26. Ree1 Rxh1 (26... Rae8 $15) 27. Rxh1 $11 Rh8 {[%emt 0:00:08] Prevents Qh6+.} 28. Rxh8 Kxh8 {[%emt 0:00:01][%mdl 4096] Endgame KQB-KQB} 29. Qh6+ (29. Qe3 {simplifies} Kg7 30. a3 bxa3 31. bxa3 g5 32. c4) 29... Kg8 30. Be4 (30. Qe3 $11 {remains equal.}) 30... Qd4 (30... Qe5 $17 31. Qh4 Kg7) 31. b3 $15 a4 32. bxa4 {[%emt 0:00:10] The position is equal.} Bxa4 33. Qf4 Qd1+ 34. Kb2 (34. Qc1 {simplifies} Qxc1+ 35. Kxc1 Kg7 36. Kb2) 34... Qd4+ 35. Kb1 Qe5 36. Qxe5 dxe5 $11 {[%emt 0:00:01] KB-KB} 37. Kb2 {[%emt 0:00:06] And now a3 would win.} f5 {[%emt 0:00:12] Against a3} 38. Bd3 {[%emt 0:00:03] a3 is the strong threat.} Kf7 39. a3 bxa3+ 40. Kxa3 Bd7 41. Kb4 {[%emt 0:00:01] Strongly threatening Kc5.} g5 42. c4 g4 43. fxg4 e4 44. Bc2 e3 $1 45. Kc3 (45. Bxf5 Bxf5 46. gxf5 e2 47. Kc3 e1=Q+ 48. Kd3 Qe5 49. Kc2 Qxf5+ 50. Kd2 Kf6 51. d6 Ke5 52. c5 Kd4 53. Ke2 Qe5+ 54. Kf2 Qf6+ 55. Kg2 Ke3 56. Kh3 Kf3 57. Kh2 Qg6 58. Kh3 Qh7#) (45. gxf5 e2 46. Kb3 e1=Q) (45. Bd1 $5 fxg4 46. Kc3 $11) 45... fxg4 46. Be4 {[%emt 0:00:09] aiming for Kd3.} g3 47. c5 {[%emt 0:00:33] [#]} (47. Kd3 {[#]} Bf5 $1 48. Bxf5 g2 49. Kxe3 g1=Q+ $19) 47... Bf5 $1 48. Bg2 (48. Bxf5 g2 49. Bg4 g1=Q $19) 48... Ke7 49. d6+ Ke6 50. Bf3 {[%emt 0:00:26] Weighted Error Value: White=0.13 (very precise) /Black=0.10 (very precise)} 1/2-1/2